 Dungeon Sprint DCSS version 0.20-a0-833-gc632bec (webtiles) character file.

15700000 esc the Conqueror (level 27, -17/249 HPs)
             Began as a Demonspawn Warper on Mar 7, 2017.
             Was the Champion of Makhleb.
             Demolished by a bag of meat
             ... wielding a +9 war axe
              (35 damage)
             ... in the Dungeon (Sprint VIII: "Arena of Blood").
             The game lasted 00:04:52 (157 turns).

esc the Conqueror (Demonspawn Warper)                Turns: 157, Time: 00:04:53

Health: -17/249    AC: 10    Str: 13    XL:     27
Magic:  54/54      EV: 35    Int: 17    God:    Makhleb [******]
Gold:   0          SH:  0    Dex: 22    Spells: 80/80 levels left

rFire    + . .     SeeInvis +   l - +∞ Axe of Woe
rCold    + . .     Gourm    .   b - +0 leather armour
rNeg     + . .     Faith    .   (shield currently unavailable)
rPois    +         Spirit   .   (helmet unavailable)
rElec    .         Reflect  .   (no cloak)
rCorr    .         Harm     .   (no gloves)
MR       ++...     NoTele   +   (no boots)
Stlth    ++++++++++             (no amulet)
Regen    0.6/turn               n - ring of protection from fire {rF+, !d}
MPRegen  0.4/turn               m - ring of see invisible {sInv, !d}

@: marked
A: horns 3, slimy green scales 3, cold resistance 1, icemail, negative energy
resistance 1, nightstalker 3, 50% torment resistance, black mark, freezing cloud
immunity
a: Minor Destruction, Lesser Servant of Makhleb, Major Destruction, Greater
Servant of Makhleb, Renounce Religion


You were in the Dungeon.
You worshipped Makhleb.
Makhleb was exalted by your worship.
You were not hungry.

You visited 1 branch

Inventory:

Hand Weapons
 a - a +0 hand axe
 l - the +∞ Axe of Woe (weapon)
   (You found it in the Dungeon)
Missiles
 e - 5 tomahawks of dispersal {=f}
Armour
 b - a +0 leather armour (worn)
Jewellery
 m - a ring of see invisible (left hand) {sInv, !d}
   (You found it in the Dungeon)
 n - a ring of protection from fire (right hand) {rF+, !d}
   (You found it in the Dungeon)
Scrolls
 d - 2 scrolls of blinking {!r}
Potions
 g - a potion of curing
 h - a potion of heal wounds
 i - a potion of haste
 j - 2 potions of magic
 k - a potion of berserk rage {!q}
Books
 c - a book of Spatial Translocations
Comestibles
 f - a bread ration {@e1}


   Skills:
 O Level 27 Fighting
 O Level 27 Axes
 O Level 27 Throwing
 O Level 27 Armour
 O Level 27 Dodging
 O Level 27 Stealth
 O Level 27 Unarmed Combat
 O Level 27 Spellcasting
   Level 2.6 Translocations
 O Level 27 Invocations


You had 80 spell levels left.
You didn't know any spells.

Dungeon Overview and Level Annotations

Branches:
Dungeon (1/1)

Altars:
Makhleb

Annotations:
D The Servant


Innate Abilities, Weirdness & Mutations

You have a pair of large horns on your head.
You are completely covered in slimy green scales. (AC +4, rPois)
Your flesh is cold resistant. (rC+)
A meltable icy envelope protects you from harm. (AC +0)
You resist negative energy. (rN+)
You are completely attuned to the shadows.
You are somewhat able to resist unholy torments (1 in 2 success).
Your melee attacks may debilitate your foes.
You are immune to freezing clouds.


Message History

The wretched soul is engulfed in blazing flames.
An orc and a greater mummy come into view.
You regained 34 hp, and now have 224/249 hp.
MP restored: 54 You slice the sculptor of flesh!!
You dissect the sculptor of flesh like a pig carcass.
You destroy the sculptor of flesh!
Makhleb accepts your kill.
You feel better.
You hit the observer. You chop the observer into pieces.
You kill the observer!
Makhleb accepts your kill.
You slash the meat berserker!
You dissect the meat berserker like a pig carcass.
You kill the meat berserker!
Makhleb accepts your kill.
You hit the tyrant but do no damage.
You pulverise the tyrant into a thin bloody mist.
You destroy the tyrant!
Makhleb accepts your kill.
The large abomination disappears in a puff of smoke!
The tentacled monstrosity disappears in a puff of smoke!
The large abomination disappears in a puff of smoke! x2
You hit the small abomination but do no damage.
You cleave the small abomination in twain.
You destroy the small abomination!
Makhleb accepts your kill.
The accursed points at you and mumbles some strange words.
Something smites you!
The destroyer blinks!
The scourge throws poison at you.
The bolt of poison hits the dread.
The dread completely resists.
The bolt of poison hits you! You resist. The observer gazes at you.
Something smites you!
The dread calls on the powers of darkness!
The bag of meat convulses! x2; The fleshlord convulses!
The scourge convulses!
The bag of meat convulses! x2; You feel a surge of unholy energy.
The large bag of meat convulses!
The bag of meat convulses! x4
The large bag of meat convulses!
The bag of meat convulses!
The dread is engulfed in blazing flames.
An orc and a skeletal warrior come into view.
You take 17 damage, and have 207/249 hp.
You cut the tyrant into ribbons!!!
You butcher the tyrant messily.
You destroy the tyrant!
Makhleb accepts your kill.
You feel better.
You hit the destroyer but do no damage. You chop the destroyer into pieces.
You destroy the destroyer!
Makhleb accepts your kill.
You hear a shout!
The accursed is engulfed in blazing flames. x2
The fleshlord mumbles some strange words.
The fleshlord seems to speed up.
The wretched soul breathes negative energy at you.
The bolt of negative energy hits you! You partially resist.
You feel drained. The accursed casts a spell at you. Something smites you!
A sea snake, 3 orcs and a wraith come into view.
You regained 15 hp, and now have 222/249 hp.
Unknown command.
You slash the bag of meat!
You cleave the bag of meat in twain.
You kill the bag of meat!
Makhleb accepts your kill.
You feel better.
Your life force feels restored.
You slash the bag of meat! You chop the bag of meat into pieces.
You kill the bag of meat!
Makhleb accepts your kill.
You slice the bag of meat!!
You cleave the bag of meat in twain.
You kill the bag of meat!
Makhleb accepts your kill.
The dread is engulfed in blazing flames.
The accursed casts a spell at you. Something smites you!
The accursed is engulfed in blazing flames.
The accursed casts a spell at you. Something smites you!
The accursed is engulfed in blazing flames.
The accursed casts a spell at you. Something smites you!
An orc and a greater mummy come into view.
You take 6 damage, and have 216/249 hp.
Unknown command.
Unknown command.
Really walk into that cloud of flame?
A sea snake, 5 orcs and Harold come into view.
The Servant is wielding a +9 glaive of flaming.
You are engulfed in blazing flames.
You resist.
The destroyer blinks!
The dread calls on the powers of darkness!
The bag of meat convulses!
The scourge convulses!
The bag of meat convulses!
The fleshlord convulses!
The Servant convulses!
The bag of meat convulses!
The large bag of meat convulses!
The bag of meat convulses! x2
You feel a surge of unholy energy.
The bag of meat convulses!
The large bag of meat convulses!
The bag of meat convulses! x3
The large bag of meat hits you with a +9 giant spiked club!!!! x2
* * * LOW HITPOINT WARNING * * *
The bag of meat hits you with a +9 war axe!!
* * * LOW HITPOINT WARNING * * *
The bag of meat hits you with a +9 war axe!!
You die...

#))...
.###..
#)M..#
......
#)%o.#
......
#)Sz..#
#.
#%).o..
## #_


#§oMOM##oS #. #WSMo#MS.o ..... #WMV.#oMoo ...... #.§§O@oooo .###.. #..§)oOo.o
#.. #...WSop@. #.. #...VWoWMo .. #....Wz.o# #.......o You could see 6 accurseds,
The Servant, 2 destroyers, 4 scourges, a fleshlord, a sculptor of flesh, 3 large
bags of meat, a wretched soul (invisible), 5 dreads and 19 bags of meat.

Vanquished Creatures
  A hell knight (D)
  Sigmund (D)
  12 hell beasts (D)
  2 greater mummies (D)
  8 great orbs of eyes (D)
  7 wraiths (D)
  12 vampire knights (D)
  71 ogres (D)
  8 two-headed ogres (D)
  11 liches (D)
  5 hydras (D)
  81 orcs (D)
  8 phantoms (D)
  7 skeletal warriors (D)
  5 large abominations (D)
  15 small abominations (D)
  8 crawling corpses (D)
262 creatures vanquished.

Vanquished Creatures (others)
  An ogre (D)
  5 crawling corpses (D)
6 creatures vanquished.

Grand Total: 268 creatures vanquished

Notes
Turn   | Place    | Note
-------+----------+-------------------------------------------
     0 | D        | esc the Demonspawn Warper began the quest for the Orb.
     0 | D        | Reached XP level 1. HP: 16/16 MP: 3/3
     3 | D        | Noticed a bag of meat
     3 | D        | Noticed a meat berserker
     4 | D        | Noticed a meat berserker
     5 | D        | Noticed a bag of meat
     5 | D        | Noticed a meat berserker
     5 | D        | Killed a meat berserker
     5 | D        | Reached skill level 16 in Fighting
     5 | D        | Reached skill level 15 in Axes
     5 | D        | Reached skill level 15 in Armour
     5 | D        | Reached skill level 15 in Dodging
     5 | D        | Gained mutation: You have a pair of small horns on your head. [demonic ancestry]
     5 | D        | Reached XP level 2. HP: 46/46 MP: 5/5
     5 | D        | Gained mutation: Your flesh is cold resistant. (rC+) [demonic ancestry]
     5 | D        | Reached XP level 3. HP: 52/52 MP: 6/6
     5 | D        | Reached XP level 4. HP: 59/59 MP: 7/7
     5 | D        | Reached XP level 5. HP: 66/66 MP: 8/8
     5 | D        | Reached XP level 6. HP: 73/73 MP: 9/9
     5 | D        | Reached XP level 7. HP: 79/79 MP: 10/10
     5 | D        | Gained mutation: You are partially covered in slimy green scales. (AC +2) [demonic ancestry]
     5 | D        | Reached XP level 8. HP: 86/86 MP: 11/11
     5 | D        | Gained mutation: You are slightly more attuned to the shadows. [demonic ancestry]
     5 | D        | Reached XP level 9. HP: 92/92 MP: 12/12
     5 | D        | Gained mutation: You are immune to freezing clouds. [demonic ancestry]
     5 | D        | Reached XP level 10. HP: 100/100 MP: 13/13
     5 | D        | Gained mutation: A meltable icy envelope protects you from harm. (AC +0) [demonic ancestry]
     5 | D        | Reached XP level 11. HP: 106/106 MP: 14/14
     5 | D        | Gained mutation: You are mostly covered in slimy green scales. (AC +3) [demonic ancestry]
     5 | D        | Reached XP level 12. HP: 113/113 MP: 15/15
     5 | D        | Gained mutation: You have a pair of horns on your head. [demonic ancestry]
     5 | D        | Reached XP level 13. HP: 119/119 MP: 16/16
     5 | D        | Killed a meat berserker
     5 | D        | Reached skill level 19 in Fighting
     5 | D        | Reached skill level 18 in Axes
     5 | D        | Reached skill level 18 in Armour
     5 | D        | Reached skill level 18 in Dodging
     5 | D        | Reached XP level 14. HP: 133/133 MP: 17/17
     6 | D        | Killed a meat berserker
     6 | D        | Reached skill level 21 in Fighting
     6 | D        | Reached skill level 19 in Axes
     6 | D        | Reached skill level 19 in Armour
     6 | D        | Reached skill level 19 in Dodging
     6 | D        | Gained mutation: You are significantly more attuned to the shadows. [demonic ancestry]
     6 | D        | Reached XP level 15. HP: 81/144 MP: 18/18
     7 | D        | Became a worshipper of Makhleb the Destroyer
     8 | D        | Reached skill level 22 in Fighting
     8 | D        | Reached skill level 20 in Axes
     8 | D        | Reached skill level 20 in Armour
     8 | D        | Reached skill level 20 in Dodging
    10 | D        | Reached skill level 21 in Axes
    10 | D        | Reached skill level 21 in Armour
    10 | D        | Reached skill level 21 in Dodging
    11 | D        | Noticed a meat berserker
    12 | D        | Killed a meat berserker
    12 | D        | Reached * piety under Makhleb
    12 | D        | Reached skill level 24 in Fighting
    12 | D        | Reached skill level 22 in Axes
    12 | D        | Reached skill level 22 in Armour
    12 | D        | Reached skill level 22 in Dodging
    12 | D        | Gained mutation: You are completely attuned to the shadows. [demonic ancestry]
    12 | D        | Reached XP level 16. HP: 92/159 MP: 19/19
    13 | D        | Noticed a meat berserker
    14 | D        | Noticed a meat berserker
    17 | D        | Killed a meat berserker
    17 | D        | Reached skill level 25 in Fighting
    17 | D        | Reached skill level 23 in Axes
    17 | D        | Reached skill level 23 in Armour
    17 | D        | Reached skill level 23 in Dodging
    17 | D        | Reached XP level 17. HP: 100/170 MP: 20/20
    18 | D        | Killed a meat berserker
    18 | D        | Reached ** piety under Makhleb
    18 | D        | Reached skill level 26 in Fighting
    18 | D        | Reached skill level 25 in Axes
    18 | D        | Reached skill level 25 in Armour
    18 | D        | Reached skill level 25 in Dodging
    23 | D        | Noticed a meat berserker
    24 | D        | Killed a meat berserker
    24 | D        | Reached skill level 27 in Fighting
    24 | D        | Reached skill level 26 in Axes
    24 | D        | Reached skill level 26 in Armour
    24 | D        | Reached skill level 26 in Dodging
    24 | D        | Reached XP level 18. HP: 166/182 MP: 21/21
    26 | D        | Noticed a meat berserker
    27 | D        | Reached skill level 27 in Axes
    27 | D        | Reached skill level 27 in Armour
    27 | D        | Reached skill level 27 in Dodging
    27 | D        | Reached skill level 1 in Throwing
    27 | D        | Reached skill level 1 in Stealth
    27 | D        | Reached skill level 1 in Unarmed Combat
    27 | D        | Reached skill level 1 in Invocations
    27 | D        | Reached *** piety under Makhleb
    27 | D        | Reached skill level 6 in Throwing
    27 | D        | Reached skill level 6 in Stealth
    27 | D        | Reached skill level 6 in Unarmed Combat
    27 | D        | Reached skill level 6 in Spellcasting
    27 | D        | Reached skill level 8 in Invocations
    28 | D        | Noticed a large bag of meat
    29 | D        | Noticed a large bag of meat
    31 | D        | Reached skill level 8 in Throwing
    31 | D        | Reached skill level 9 in Stealth
    31 | D        | Reached skill level 8 in Unarmed Combat
    31 | D        | Reached skill level 9 in Spellcasting
    31 | D        | Reached skill level 12 in Invocations
    31 | D        | Reached skill level 10 in Throwing
    31 | D        | Reached skill level 11 in Stealth
    31 | D        | Reached skill level 10 in Unarmed Combat
    31 | D        | Reached skill level 10 in Spellcasting
    31 | D        | Reached skill level 14 in Invocations
    31 | D        | Reached XP level 19. HP: 189/189 MP: 21/33
    32 | D        | Noticed a meat berserker
    33 | D        | Noticed a meat berserker
    33 | D        | Noticed a meat berserker
    34 | D        | Killed a meat berserker
    34 | D        | Reached **** piety under Makhleb
    34 | D        | Reached skill level 13 in Throwing
    34 | D        | Reached skill level 14 in Stealth
    34 | D        | Reached skill level 13 in Unarmed Combat
    34 | D        | Reached skill level 13 in Spellcasting
    34 | D        | Reached skill level 18 in Invocations
    35 | D        | Killed a meat berserker
    35 | D        | Reached skill level 15 in Throwing
    35 | D        | Reached skill level 16 in Stealth
    35 | D        | Reached skill level 15 in Unarmed Combat
    35 | D        | Reached skill level 15 in Spellcasting
    35 | D        | Reached skill level 20 in Invocations
    37 | D        | Killed a large bag of meat
    37 | D        | Reached skill level 17 in Throwing
    37 | D        | Reached skill level 18 in Stealth
    37 | D        | Reached skill level 17 in Unarmed Combat
    37 | D        | Reached skill level 17 in Spellcasting
    37 | D        | Reached skill level 22 in Invocations
    37 | D        | Gained mutation: You have a pair of large horns on your head. [demonic ancestry]
    37 | D        | Reached XP level 20. HP: 129/197 MP: 22/41
    38 | D        | Killed a meat berserker
    38 | D        | Reached skill level 18 in Throwing
    38 | D        | Reached skill level 20 in Stealth
    38 | D        | Reached skill level 18 in Unarmed Combat
    38 | D        | Reached skill level 18 in Spellcasting
    38 | D        | Reached skill level 24 in Invocations
    39 | D        | Noticed a large bag of meat
    39 | D        | Reached ***** piety under Makhleb
    39 | D        | Reached skill level 19 in Throwing
    39 | D        | Reached skill level 19 in Unarmed Combat
    39 | D        | Reached skill level 19 in Spellcasting
    39 | D        | Reached skill level 25 in Invocations
    39 | D        | Killed a meat berserker
    39 | D        | Reached skill level 20 in Throwing
    39 | D        | Reached skill level 22 in Stealth
    39 | D        | Reached skill level 20 in Unarmed Combat
    39 | D        | Reached skill level 20 in Spellcasting
    39 | D        | Reached skill level 27 in Invocations
    39 | D        | Gained mutation: You resist negative energy. (rN+) [demonic ancestry]
    39 | D        | Reached XP level 21. HP: 204/204 MP: 23/45
    40 | D        | Noticed a destroyer
    42 | D        | Reached skill level 21 in Throwing
    42 | D        | Reached skill level 21 in Unarmed Combat
    42 | D        | Reached skill level 21 in Spellcasting
    42 | D        | Reached skill level 22 in Throwing
    42 | D        | Reached skill level 23 in Stealth
    42 | D        | Reached skill level 22 in Unarmed Combat
    42 | D        | Reached skill level 22 in Spellcasting
    42 | D        | Reached skill level 24 in Stealth
    42 | D        | Reached skill level 23 in Throwing
    42 | D        | Reached skill level 23 in Unarmed Combat
    42 | D        | Reached skill level 23 in Spellcasting
    43 | D        | Noticed a destroyer
    45 | D        | Reached skill level 25 in Stealth
    45 | D        | Killed a destroyer
    45 | D        | Reached skill level 25 in Throwing
    45 | D        | Reached skill level 27 in Stealth
    45 | D        | Reached skill level 25 in Unarmed Combat
    45 | D        | Reached skill level 25 in Spellcasting
    45 | D        | Gained mutation: You are completely covered in slimy green scales. (AC +4, rPois) [demonic ancestry]
    45 | D        | Reached XP level 22. HP: 212/212 MP: 24/51
    45 | D        | Killed a destroyer
    45 | D        | Reached ****** piety under Makhleb
    45 | D        | Reached skill level 27 in Throwing
    45 | D        | Reached skill level 27 in Unarmed Combat
    45 | D        | Reached skill level 27 in Spellcasting
    46 | D        | Noticed a destroyer
    50 | D        | Reached XP level 23. HP: 219/219 MP: 26/54
    51 | D        | Killed a destroyer
    52 | D        | Killed a large bag of meat
    55 | D        | Reached XP level 24. HP: 227/227 MP: 27/54
    61 | D        | Reached XP level 25. HP: 234/234 MP: 29/54
    65 | D        | Gained mutation: You are somewhat able to resist unholy torments (1 in 2 success). [demonic ancestry]
    65 | D        | Reached XP level 26. HP: 242/242 MP: 30/54
    66 | D        | Noticed a destroyer
    66 | D        | Noticed a large bag of meat
    68 | D        | Noticed a large bag of meat
    68 | D        | Noticed a large bag of meat
    69 | D        | Gained mutation: Your melee attacks may debilitate your foes. [demonic ancestry]
    69 | D        | Reached XP level 27. HP: 249/249 MP: 31/54
    70 | D        | Killed a destroyer
    71 | D        | Noticed a tyrant
    72 | D        | Killed a large bag of meat
    72 | D        | Killed a large bag of meat
    74 | D        | Noticed a dread
    74 | D        | Killed a dread
    75 | D        | Killed a large bag of meat
    76 | D        | Noticed a meat beast
    76 | D        | Noticed a tyrant
    78 | D        | Noticed a destroyer
    78 | D        | Killed a meat beast
    78 | D        | Killed a tyrant
    79 | D        | Noticed a dread
    83 | D        | Killed a dread
    86 | D        | Noticed a meat beast
    86 | D        | Killed a tyrant
    87 | D        | Noticed The Captor
    89 | D        | Killed a meat beast
    91 | D        | Killed a destroyer
    92 | D        | Noticed a meat beast
    94 | D        | Killed The Captor
    94 | D        | Killed a meat beast
    95 | D        | Noticed a meat beast
    96 | D        | Killed a meat beast
    98 | D        | Noticed a tyrant
    99 | D        | Noticed a destroyer
   100 | D        | Killed a tyrant
   102 | D        | Noticed a tyrant
   103 | D        | Noticed an accursed
   104 | D        | Noticed a tyrant
   104 | D        | Noticed a tyrant
   105 | D        | Noticed a destroyer
   106 | D        | Noticed a meat beast
   107 | D        | Killed a meat beast
   108 | D        | Noticed a meat beast
   108 | D        | Killed a destroyer
   110 | D        | Noticed a meat beast
   110 | D        | Killed a tyrant
   111 | D        | Noticed a large bag of meat
   111 | D        | Killed a tyrant
   112 | D        | Noticed an accursed
   112 | D        | Killed a meat beast
   116 | D        | Noticed a meat beast
   116 | D        | Noticed a dread
   116 | D        | Killed a large bag of meat
   117 | D        | Killed a destroyer
   118 | D        | Noticed a dread
   118 | D        | Killed a meat beast
   120 | D        | Noticed a meat beast
   120 | D        | Noticed a meat beast
   122 | D        | Killed a meat beast
   122 | D        | Killed a dread
   122 | D        | Killed a meat beast
   124 | D        | Noticed a dread
   124 | D        | Noticed a dread
   125 | D        | Killed a tyrant
   126 | D        | Noticed a meat beast
   126 | D        | Killed a dread
   127 | D        | Killed a meat beast
   127 | D        | Killed a meat beast
   128 | D        | Killed an accursed
   129 | D        | Noticed a tyrant
   129 | D        | Noticed a meat beast
   129 | D        | Killed a dread
   130 | D        | Noticed a dread
   130 | D        | Killed an accursed
   131 | D        | Killed a meat beast
   135 | D        | Killed a tyrant
   136 | D        | Noticed a destroyer
   137 | D        | Noticed a tyrant
   138 | D        | Killed a dread
   139 | D        | Noticed a tyrant
   139 | D        | Noticed an accursed
   139 | D        | Noticed a large bag of meat
   141 | D        | Killed a dread
   141 | D        | Killed a destroyer
   142 | D        | Noticed a tyrant
   142 | D        | Killed a large bag of meat
   143 | D        | Noticed an accursed
   144 | D        | Noticed a destroyer
   145 | D        | Noticed a large bag of meat
   147 | D        | Noticed a destroyer
   147 | D        | Killed a tyrant
   147 | D        | Killed a destroyer
   147 | D        | Killed a tyrant
   148 | D        | Noticed a destroyer
   148 | D        | Noticed a destroyer
   149 | D        | Noticed a large bag of meat
   149 | D        | Noticed a fleshlord
   149 | D        | Noticed a dread
   149 | D        | Noticed an accursed
   149 | D        | Noticed a tyrant
   150 | D        | Noticed a destroyer
   150 | D        | Killed a destroyer
   151 | D        | Killed a large bag of meat
   151 | D        | Killed a destroyer
   152 | D        | Noticed a large bag of meat
   152 | D        | Noticed an accursed
   152 | D        | Noticed an accursed
   152 | D        | Noticed a destroyer
   153 | D        | Noticed a dread
   153 | D        | Noticed a fleshlord
   153 | D        | Noticed a dread
   153 | D        | Noticed a dread
   153 | D        | Killed a fleshlord
   154 | D        | Noticed an accursed
   154 | D        | Killed a tyrant
   155 | D        | Killed a tyrant
   155 | D        | Killed a destroyer
   156 | D        | Noticed a dread
   157 | D        | Noticed an accursed
   157 | D        | Noticed The Servant
   157 | D        | HP: 40/249 [large bag of meat/+9 giant spiked club (80)]
   157 | D        | HP: 18/249 [bag of meat/+9 war axe (22)]
   157 | D        | Demolished by a bag of meat

Vault maps used:
D:        meatsprint

Skill      XL: |  1  2  3  4  5  6  7  8  9 10 11 12 13 14 15 16 17 18 19 20 21 22 |
---------------+-------------------------------------------------------------------+-----
Fighting       | 16 19 21 24 25 27 | 27.0
Axes           | 15 18 19 22 23 26 27 | 27.0
Armour         | 15 18 19 22 23 26 27 | 27.0
Dodging        | 15 18 19 22 23 26 27 | 27.0
Throwing       | 10 17 20 25 27 | 27.0
Stealth        | 11 18 22 27 | 27.0
Unarmed Combat | 10 17 20 25 27 | 27.0
Invocations    | 14 22 27 | 27.0
Spellcasting   | 10 17 20 25 27 | 27.0
Translocations | |  2.6

Action                   |  1- 3 |  4- 6 |  7- 9 | 10-12 | 13-15 | 16-18 | 19-21 | 22-24 | 25-27 || total
-------------------------+-------+-------+-------+-------+-------+-------+-------+-------+-------++-------
Melee: Executioner's axe |     1 |       |       |       |     4 |     5 |     7 |     6 |    69 ||    92
Armor: Leather armour    |       |       |       |       |       |     1 |       |       |     2 ||     3
Dodge: Dodged            |       |       |       |       |       |       |     1 |     3 |    13 ||    17

Vault maps used:
D:        meatsprint

Table legend:
 A = Turns spent in this place as a percentage of turns spent in the entire game.
 B = Non-inter-level travel turns spent in this place as a percentage of non-inter-level travel turns spent in the entire game.
 C = Inter-level travel turns spent in this place as a percentage of turns spent in this place.
 D = Turns resting spent in this place as a percentage of non-inter-level travel turns spent in this place.
 E = Turns spent auto-exploring this place as a percentage of non-inter-level travel turns spent in this place.
 F = Non-inter-level travel turns spent in this place divided by the number of levels of this place that you've seen.
                   A       B       C       D       E      F
               +-------+-------+-------+-------+-------+----------------------
         Total | 100.0 | 100.0 |   0.0 |   0.0 |   0.0 | 291.0
       Dungeon | 100.0 | 100.0 |   0.0 |   0.0 |   0.0 | 291.0
               +-------+-------+-------+-------+-------+----------------------

Table legend:
 A = Kills in this place as a percentage of kills in entire the game.
 B = Kills by you in this place as a percentage of kills by you in the entire game.
 C = Kills by friends in this place as a percentage of kills by friends in the entire game.
 D = Other kills in this place as a percentage of other kills in the entire game.
 E = Experience gained in this place as a percentage of experience gained in the entire game.
 F = Experience gained in this place divided by the number of levels of this place that you have seen.
                   A       B       C       D       E      F
               +-------+-------+-------+-------+-------+----------------------
         Total | 100.0 | 100.0 |  -nan |  -nan | 100.0 | 7840297.0
       Dungeon | 100.0 | 100.0 |  -nan |  -nan | 100.0 | 7840297.0
               +-------+-------+-------+-------+-------+----------------------
